 Dungeon Crawl Stone Soup version 0.31-a0-187-gba352fbbf7 (webtiles) character file.

Game seed: 1534696704741564572

265 qw the Skirmisher (level 5, -4/29 HPs)
             Began as a Deep Elf Hunter on June 22, 2023.
             Slain by a gnoll
             ... wielding a +0 club
              (5 damage)
             ... on level 3 of the Dungeon.
             The game lasted 00:00:59 (2695 turns).

qw the Skirmisher (Deep Elf Hunter)                 Turns: 2695, Time: 00:00:59

Health: -4/29      AC:  6    Str: 10    XL:     5   Next: 99%
Magic:  7/7        EV: 11    Int: 14    God:
Gold:   106        SH:  0    Dex: 18    Spells: 4/4 levels left

rFire   . . .        Y - +0 shortbow
rCold   . . .        (shield currently unavailable)
rNeg    . . .        g - +0 ring mail
rPois   .            (no helmet)
rElec   .            f - +0 cloak
rCorr   .            (no gloves)
SInv    .            (no boots)
Will    .....        (no amulet)
Stlth   +            (no ring)
HPRegen 0.24/turn    (no ring)
MPRegen 0.10/turn

%: no passive effects
@: about to teleport
A: hooves 1
a: no special abilities


You were on level 3 of the Dungeon.
You visited 1 branch of the dungeon, and saw 4 of its levels.

You collected 106 gold pieces.


Innate Abilities, Weirdness & Mutations

You have large cloven feet.


   Skills:
 + Level 1.5 Fighting
 - Level 9.6 Ranged Weapons
 - Level 2.4 Dodging
 - Level 1.2 Stealth


You had 4 spell levels left.
You didn't know any spells.
Your spell library was empty.

Inventory:

Hand Weapons
 Y - a +0 shortbow (weapon)
Armour
 f - a +0 cloak (worn)
 g - a +0 ring mail (worn)
Potions
 a - a potion of enlightenment {unknown}
 d - a potion of magic {unknown}
 h - a potion of heal wounds {unknown}
 i - a potion of cancellation {unknown}
 k - a potion of mutation

Dungeon Overview and Level Annotations

Branches:
Dungeon (4/15)
 Temple: D:4-7

Altars:
Ashenzari
Trog


Message History

2629 ||| STAIRDANCE You climb upwards.
There is a stone staircase leading down here.
You start resting.
HP restored.
Done exploring.
(D) Dungeon
Where to? (* - list waypoints, Enter - D:4, ? - help)
What level of the Dungeon? (default 1, ? - help)
You climb downwards.
The gnoll hits you with a +0 club.
There is a stone staircase leading up here.
2685 ||| STAIRDANCE The gnoll hits you with a +0 club.
You climb upwards.
There is a stone staircase leading down here.
You shoot an arrow. The arrow barely misses the gnoll.
The gnoll hits you with a +0 club. The gnoll hits you but does no damage.
You shoot an arrow.
The arrow hits the gnoll but does no damage.
The gnoll hits you with a +0 club.
You shoot an arrow. The arrow barely misses the gnoll.
The gnoll hits you with a +0 club.
You shoot an arrow. The arrow closely misses the gnoll.
The gnoll hits you with a +0 club.
You shoot an arrow. The arrow hits the gnoll.
The gnoll is lightly wounded.
The gnoll hits you with a +0 club.
You shoot an arrow. The arrow hits the gnoll.
The gnoll is heavily wounded.
The gnoll hits you with a +0 club.
2693 ||| READING scroll of teleportation.
As you read the scroll of teleportation, it crumbles to dust.
You feel strangely unstable. The gnoll hits you with a +0 club.
You shoot an arrow. The arrow hits the gnoll.
The gnoll is severely wounded.
The gnoll hits you with a +0 club.
You shoot an arrow. The arrow barely misses the gnoll.
The gnoll hits you with a +0 club.
You die...

##### #######...# #..!..)...#
#.######..# #.#S~~~#..#
#.+~~~~#..# #.#~~Sr#..#
###.#~~~w#..######
....#~~~~#......@##
.##.######.....g..#######
.##................%....#
.#####..#........##.....#########
.# ##..........+...............
.# ###........#####........... .#
########:# ###....##### .# #.#
######...### .# #.# #...........


You could see a gnoll.

Vanquished Creatures
  A black bear (D:4)
  A phantom (D:3)
  Ijyb (D:3)
  2 adders (D:3)
  A worm (D:3)
  An orc (D:3)
  6 bats
  3 endoplasms
  5 giant cockroaches
  7 goblins
  4 hobgoblins
  3 jackals (D:1)
  7 quokkas
  A ball python (D:1)
  3 frilled lizards
  2 kobolds
  5 rats
53 creatures vanquished.

Notes
Turn   | Place    | Note
-------+----------+-------------------------------------------
     0 | D:1      | qw the Deep Elf Hunter began the quest for the Orb.
     0 | D:1      | Reached XP level 1. HP: 12/12 MP: 3/3
     0 | D:1      | 0 ||| qw: Version: 0.3-a-9-g12657ce
     0 | D:1      | 0 ||| qw: Game counter: 2284
     0 | D:1      | 0 ||| qw: Always use a shield: true
     0 | D:1      | 0 ||| qw: God list: Okawaru
     0 | D:1      | 0 ||| qw: Allow faded altars: false
     0 | D:1      | 0 ||| qw: Do Orc after D:15 true
     0 | D:1      | 0 ||| qw: Do second Lair branch before Depths: true
     0 | D:1      | 0 ||| qw: Lair rune preference: random
     0 | D:1      | 0 ||| qw: Plans: Normal
     0 | D:1      | 0 ||| PLANNING D:1-11
   103 | D:1      | Reached skill level 6 in Ranged Weapons
   103 | D:1      | Reached XP level 2. HP: 16/16 MP: 4/4
   773 | D:1      | Reached XP level 3. HP: 20/20 MP: 5/5
  1096 | D:1      | 1096 ||| UPGRADING to +0 ring mail.
  1106 | D:1      | 1106 ||| DROPPING +0 leather armour.
  1107 | D:1      | 1107 ||| DROPPING ring of wizardry.
  1108 | D:1      | 1108 ||| READING scroll labelled YNLAOFIHEW.
  1109 | D:1      | 1109 ||| READING scroll labelled FEYMAU BOIFE.
  1113 | D:1      | 1113 ||| READING scroll labelled BOIR WOYH EPT.
  1114 | D:1      | 1114 ||| DROPPING scroll of butterflies.
  1654 | D:2      | 1654 ||| UPGRADING to +0 cloak.
  1659 | D:2      | 1659 ||| READING 3 scrolls labelled UFUZUNYONT.
  1660 | D:2      | 1660 ||| READING scroll labelled HUKECSYALU.
  1661 | D:2      | 1661 ||| READING scroll labelled RUEHAH CUVVOLO.
  1662 | D:2      | 1662 ||| DROPPING 2 scrolls of amnesia.
  1664 | D:2      | 1664 ||| Stepping ~*~*~tactically~*~*~ (cloud).
  1731 | D:3      | 1731 ||| PLANNING SEWER
  1771 | D:3      | Found a broken altar of Ashenzari.
  1802 | D:3      | Reached skill level 7 in Ranged Weapons
  1862 | D:3      | Noticed Ijyb
  1878 | D:3      | Killed Ijyb
  1879 | D:3      | Reached XP level 4. HP: 25/25 MP: 6/6
  1971 | D:3      | Noticed a phantom
  1989 | D:3      | Killed a phantom
  1990 | D:3      | Reached skill level 8 in Ranged Weapons
  1990 | D:3      | Reached XP level 5. HP: 19/29 MP: 7/7
  2150 | D:3      | Found a bloodstained altar of Trog.
  2415 | D:3      | 2415 ||| RIP SEWER
  2444 | D:3      | 2444 ||| PLANNING D:1-11
  2545 | D:3      | 2545 ||| DROPPING scarf of shadows.
  2546 | D:3      | 2546 ||| READING scroll labelled GEZUYWASSU.
  2547 | D:3      | 2547 ||| DRINKING 2 puce potions.
  2578 | D:3      | 2578 ||| DRINKING 2 black potions.
  2579 | D:3      | 2579 ||| DRINKING 2 fizzy ruby potions.
  2579 | D:3      | Gained mutation: You have large cloven feet. [potion of
                  | mutation]
  2580 | D:3      | 2580 ||| DROPPING potion of lignification.
  2581 | D:3      | 2581 ||| DROPPING potion of attraction.
  2605 | D:4      | Noticed a black bear
  2618 | D:4      | Killed a black bear
  2619 | D:4      | Reached skill level 9 in Ranged Weapons
  2624 | D:4      | 2624 ||| FLEEEEING.
  2625 | D:4      | 2625 ||| FLEEEEING.
  2626 | D:4      | 2626 ||| FLEEEEING.
  2627 | D:4      | 2627 ||| FLEEEEING.
  2628 | D:4      | 2628 ||| FLEEEEING.
  2629 | D:4      | 2629 ||| STAIRDANCE
  2685 | D:4      | 2685 ||| STAIRDANCE
  2692 | D:3      | HP: 6/29 [gnoll/+0 club (3)]
  2693 | D:3      | 2693 ||| READING scroll of teleportation.
  2694 | D:3      | HP: 1/29 [gnoll/+0 club (5)]
  2695 | D:3      | Slain by a gnoll

Levels and vault maps discovered:
D:1:      dpeg_arrival_boxes_within_box, layout_basic
D:2:      layout_basic, chequers_serial_rivers_room_a, nicolae_underground_beach
D:3:      layout_basic, ashenzari_altar_1, trog_butcher_becter,
          portal_sewer_entry_c, uniq_ijyb
D:4:      layout_basic, minmay_temple_entry_enclosed_plants,
          serial_bayou_pond_d, nicolae_eternal_life, uniq_blork_the_orc,
          uniq_edmund, uniq_robin

Skill      XL: |  1  2  3  4  5 |
---------------+----------------+-----
Ranged Weapons | 6 7 8 9 |  9.6
Fighting       | |  1.5
Dodging        | |  2.4
Stealth        | |  1.2

Action                     |  1- 3 |  4- 6 || total
---------------------------+-------+-------++-------
   Fire: Shortbow          |   134 |    81 ||   215
    Use: Scroll            |     6 |     2 ||     8
         Potion            |       |     3 ||     3
 Armour: Leather armour    |    20 |       ||    20
         Ring mail         |    16 |    24 ||    40
         Skin              |     4 |       ||     4
  Dodge: Dodged            |    39 |    31 ||    70

Table legend:
 A = Non-vault XP
 B = Vault XP
 C = Vault XP percentage of total XP
 D = Non-vault monster count
 E = Vault monster count
 F = Vault count percentage of total count
                 A         B        C        D         E       F
            +---------+---------+-------+---------+---------+-------
      Total |     334 |      45 |  11.9 |      48 |       5 |   9.4
            +---------+---------+-------+---------+---------+-------
        D:1 |      43 |       0 |   0.0 |      26 |       0 |   0.0
        D:2 |      15 |       0 |   0.0 |       9 |       0 |   0.0
        D:3 |     145 |      45 |  23.7 |      12 |       5 |  29.4
        D:4 |     131 |       0 |   0.0 |       1 |       0 |   0.0
            +---------+---------+-------+---------+---------+-------
